 Dungeon Sprint DCSS version 0.17.1-2-g5865329 (webtiles) character file.

1122 Moresty the Grappler (level 8, -11/84 HPs)
             Began as a Troll Monk on Jan 11, 2016.
             Was a Believer of Makhleb.
             Mangled by a centaur warrior (13 damage)
             ... in the Dungeon (Sprint I: "Red Sonja").
             The game lasted 00:01:29 (166 turns).

Moresty the Grappler (Troll Monk)                    Turns: 166, Time: 00:01:29

Health: -11/84     AC:  5    Str: 22    XL:     8   Next: 12%
Magic:  7/7        EV: 14    Int:  6    God:    Makhleb [**....]
Gold:   297        SH:  0    Dex: 12    Spells: 0 memorised, 7 levels left

rFire  . . .     SeeInvis .       - Unarmed
rCold  . . .     Clarity  .     a - +0 robe
rNeg   . . .     SustAt   .     (no shield)
rPois  .         Gourm    +     (helmet restricted)
rElec  .         Spirit   .     (no cloak)
rCorr  .         Warding  .     (gloves unavailable)
rMut   .         NoTele   +     (boots unavailable)
MR     .....                    (no amulet)
Stlth  ++........               (no ring)
                                (no ring)

@: not resistant to hostile enchantments, unstealthy
A: unfitting armour, claws 3, fast metabolism 3, gourmand, regeneration 2,
shaggy fur 1, tough skin 2
a: Minor Destruction, Renounce Religion


You were in the Dungeon.
You worshipped Makhleb.
Makhleb was pleased with you.
You were not hungry.

You visited 1 branch You collected 297 gold pieces.

Inventory:

Armour
 a - a +0 robe (worn)
Scrolls
 h - a scroll of blinking
 k - a scroll of immolation {unknown}
Potions
 e - a potion of haste
 f - 2 potions of magic
 g - a potion of berserk rage
 i - a potion of brilliance {unknown}
Comestibles
 b - 2 bread rations
 j - 5 chunks of flesh


   Skills:
 + Level 6.8 Fighting
 + Level 8.7 Dodging
 + Level 2.0 Stealth
 + Level 12.9 Unarmed Combat


You had 7 spell levels left.
You didn't know any spells.

Dungeon Overview and Level Annotations

Branches:
Dungeon (1/1)

Altars:
Elyvilon
Gozag
Kikubaaqudgha
Makhleb
Nemelex Xobeh
Okawaru
Qazlal
Ru
Sif Muna
Trog
Vehumet
Xom
Yredelemnul
Zin
The Shining One

Shops:
D [


Innate Abilities, Weirdness & Mutations

You are too large for most types of armour.
You have claws for hands.
Your metabolism is lightning-fast.
You like to eat raw meat.
You heal very quickly.
You are covered in fur (AC +1).
You have very tough skin (AC +2).


Message History

You have reached level 7!
You have reached level 8!
The centaur warrior hits you!
* * * LOW HITPOINT WARNING * * *
You mangle the centaur warrior!! Your claw misses the centaur warrior.
The centaur warrior is heavily wounded.
The centaur warrior hits you!
* * * LOW HITPOINT WARNING * * *
You drop a potion of heal wounds.
The centaur warrior barely misses you. The centaur warrior hits you!
* * * LOW HITPOINT WARNING * * *
You feel better. The centaur warrior misses you.
You mangle the centaur warrior!!
The centaur warrior is almost dead.
The centaur warrior hits you.
* * * LOW HITPOINT WARNING * * *
The centaur warrior hits you.
* * * LOW HITPOINT WARNING * * *
The centaur warrior hits you!
You die...

###############
<.#..'..#.)'..#
..').#.)'..#..+
..#####'#####'# ###
..## #..#...#.####§§#
..#__####..##(#§§§§.#
..#_..__##'#.§§≈@c§.+
⌠⌠#_.∩...'...§#§§§§§#
###_..._##_.#+##+####
#_____###+# #######


You could see a centaur warrior.

Vanquished Creatures
  A centaur warrior (D)
  Sigmund (D)
  A yak (D)
  An ogre (D)
  Ijyb (D)
  A jelly (D)
6 creatures vanquished.

Notes
Turn   | Place    | Note
--------------------------------------------------------------
     0 | D        | Moresty the Troll Monk began the quest for the Orb.
     0 | D        | Reached XP level 1. HP: 22/22 MP: 0/0
     2 | D        | Noticed Ijyb
    28 | D        | Killed Ijyb
    28 | D        | Reached skill level 5 in Unarmed Combat
    28 | D        | Reached XP level 2. HP: 29/31 MP: 1/1
    33 | D        | Noticed an ogre
    40 | D        | Killed an ogre
    40 | D        | Reached skill level 7 in Unarmed Combat
    40 | D        | Reached XP level 3. HP: 37/39 MP: 2/2
    40 | D        | Reached XP level 4. HP: 45/48 MP: 3/3
    67 | D        | Noticed Sigmund
    81 | D        | Killed Sigmund
    81 | D        | Reached skill level 9 in Unarmed Combat
    81 | D        | Reached XP level 5. HP: 44/55 MP: 4/4
    93 | D        | Found a deep blue altar of Sif Muna.
    94 | D        | Noticed a jelly
    95 | D        | Found a radiant altar of Vehumet.
    99 | D        | Killed a jelly
    99 | D        | Reached skill level 5 in Fighting
    99 | D        | Reached skill level 10 in Unarmed Combat
    99 | D        | Reached XP level 6. HP: 55/66 MP: 5/5
   107 | D        | Found Duiresir's Armour Emporium.
   107 | D        | Found a white marble altar of Elyvilon.
   107 | D        | Found a stormy altar of Qazlal.
   107 | D        | Found a burning altar of Makhleb.
   107 | D        | Found a sacrificial altar of Ru.
   107 | D        | Found a basalt altar of Yredelemnul.
   107 | D        | Found a glowing golden altar of the Shining One.
   107 | D        | Found a sparkling altar of Nemelex Xobeh.
   107 | D        | Found a shimmering altar of Xom.
   107 | D        | Found an opulent altar of Gozag.
   107 | D        | Found an ancient bone altar of Kikubaaqudgha.
   107 | D        | Found a glowing silver altar of Zin.
   107 | D        | Noticed a yak
   108 | D        | Found an iron altar of Okawaru.
   111 | D        | Killed a yak
   111 | D        | Reached skill level 11 in Unarmed Combat
   112 | D        | Found a bloodstained altar of Trog.
   121 | D        | Became a worshipper of Makhleb the Destroyer
   121 | D        | Reached * piety under Makhleb
   121 | D        | Reached ** piety under Makhleb
   146 | D        | Noticed a centaur warrior
   146 | D        | Noticed a centaur warrior
   161 | D        | Killed a centaur warrior
   161 | D        | Reached skill level 12 in Unarmed Combat
   161 | D        | Reached XP level 7. HP: 36/76 MP: 6/6
   161 | D        | Reached XP level 8. HP: 39/84 MP: 7/7
   163 | D        | HP: 4/84 [centaur warrior (11)]
   165 | D        | HP: 1/84 [centaur warrior (3)]
   166 | D        | Mangled by a centaur warrior

Action                   |  1- 3 |  4- 6 |  7- 9 || total
-------------------------+-------+-------+-------++-------
Melee: Unarmed           |    30 |    20 |     2 ||    52
  Use: Potion            |       |       |     1 ||     1
 Stab: Sleeping          |       |     1 |       ||     1
